 Dungeon Crawl Stone Soup version 0.32-a0-119-g2e8054a333 (webtiles) character file.

Game seed: 944700768551821

106 Newt the Poker (level 4, -2/35 HPs)
             Began as a Merfolk Gladiator on Feb 6, 2024.
             Slain by a gnoll
             ... wielding a +0 flail
              (5 damage)
             ... on level 3 of the Dungeon.
             The game lasted 00:02:02 (2012 turns).

Newt the Poker (Merfolk Gladiator)                  Turns: 2012, Time: 00:02:02

Health: -2/35      AC: 10    Str: 16    XL:     4   Next: 84%
Magic:  0/4        EV:  7    Int:  7    God:
Gold:   108        SH:  0    Dex: 15    Spells: 3/3 levels left

rFire   . . .        a - +0 trident
rCold   . . .        (no shield)
rNeg    . . .        b - +0 leather armour
rPois   .            c - +1 helmet
rElec   .            (no cloak)
rCorr   .            l - +0 pair of gloves
SInv    .            (no boots)
Will    .....        j - amulet of guardian spirit
Stlth   +            f - +4 ring of protection
HPRegen 0.25/turn    (no ring)
MPRegen 0.09/turn

%: guardian spirit
@: held
A: (nimble swimmer 2), mertail
a: no special abilities


You were on level 3 of the Dungeon.
You visited 1 branch of the dungeon, and saw 3 of its levels.

You collected 108 gold pieces.

Inventory:

Hand Weapons
 a - a +0 trident (weapon)
Missiles
 e - 6 javelins
Armour
 b - a +0 leather armour (worn)
 c - a +1 helmet (worn)
 l - a +0 pair of gloves (worn)
Jewellery
 f - a +4 ring of protection (left hand)
 j - an amulet of guardian spirit (around neck)
Scrolls
 g - 2 scrolls of teleportation
 k - a scroll of torment {unknown}
Potions
 h - a potion of curing
 i - a potion of degeneration {unknown}


   Skills:
 + Level 3.5 Fighting
 - Level 6.1 Polearms
 - Level 2.0 Throwing
 * Level 4.2 Dodging


You had 3 spell levels left.
You didn't know any spells.
Your spell library contained the following spells:

 Spells                   Type           Power      Damage    Failure   Level
 Gell's Gravitas          Tloc           0%         N/A       86%         3
 Teleport Other           Tloc           0%         N/A       86%         3
 Dispersal                Tloc           0%         N/A       100%        6


Dungeon Overview and Level Annotations

Branches:
Dungeon (3/15)

Altars:

Shops:
D:1 (


Innate Abilities, Weirdness & Mutations

((You are very nimble when in or above water. (Stealth+, EV+, Speed+++)))
Your lower body shifts to a powerful aquatic tail in water.


Message History

Unknown command.
You hit the ball python.
You kill the ball python!
The gnoll closely misses you.
Unknown command.
You hit the gnoll but do no damage. The gnoll hits you but does no damage.
Unknown command.
You hit the gnoll.
The gnoll is moderately wounded.
The gnoll hits you with a +0 flail!
Unknown command.
You hit the gnoll.
The gnoll is severely wounded.
The gnoll hits you with a +0 flail.
* * * LOW HITPOINT WARNING * * *
A ribbon worm comes into view.
Unknown command.
Throw: 3 throwing nets
Press: ? - help, Q - select action, (/) - cycle Shift-Dir - straight line, f - gnoll
Aim: a gnoll, wielding a +0 flail (severely wounded, 61% to hit)
You throw a throwing net.
The throwing net barely misses the gnoll.
The gnoll hits you with a +0 flail.
* * * LOW HITPOINT WARNING * * *
Throw: 2 throwing nets
Press: ? - help, Q - select action, (/) - cycle Shift-Dir - straight line, f/p - gnoll
Aim: a gnoll, wielding a +0 flail (severely wounded, 61% to hit)
You throw a throwing net.
The throwing net closely misses the gnoll.
The gnoll barely misses you.
Throw: throwing net
Press: ? - help, Q - select action, (/) - cycle Shift-Dir - straight line, f/p - gnoll
Aim: a gnoll, wielding a +0 flail (severely wounded, 61% to hit)
You throw a throwing net.
The throwing net closely misses the gnoll.
The gnoll hits you but does no damage.
The ribbon worm expels a string of sticky webbing.
The stream of webbing hits you but does no damage.
You are caught in a web!
The gnoll hits you with a +0 flail.
You die...

#.o.## #o... #
#...# #.
#...###
#.##..Jg.###
#.....g....#
#....#####
..<..##.)w..##
### #..#g@[.#
#..[..[.#
#.<._.#....#
#.......#..#
#..#.<..# .#
##.....## #
..##### ....
....


You could see a ribbon worm (catching breath) and a gnoll.

Vanquished Creatures
  3 gnolls
  2 adders (D:2)
  2 dart slugs
  8 orcs
  3 endoplasms
  3 giant cockroaches
  A goblin (D:2)
  3 hobgoblins
  A quokka (D:1)
  3 ball pythons
  3 bats
  6 frilled lizards
  8 kobolds
  3 rats
49 creatures vanquished.

Notes
Turn   | Place    | Note
-------+----------+-------------------------------------------
     0 | D:1      | Newt the Merfolk Gladiator began the quest for the Orb.
     0 | D:1      | Reached XP level 1. HP: 16/16 MP: 1/1
   117 | D:1      | Found Gecirr's Antique Weapon Shoppe.
   266 | D:1      | Reached XP level 2. HP: 22/23 MP: 2/2
   917 | D:2      | Reached skill level 5 in Polearms
   933 | D:2      | Reached XP level 3. HP: 26/28 MP: 3/3
  1787 | D:3      | Found a faded altar of an unknown god.
  1808 | D:3      | Reached XP level 4. HP: 28/35 MP: 4/4
  1824 | D:2      | Reached skill level 6 in Polearms
  2012 | D:3      | Slain by a gnoll

Illustrated notes

Levels and vault maps discovered:
D:1:      giann_wishing_wells, layout_basic, serial_shops, shop
D:2:      layout_basic
D:3:      layout_basic, nicolae_ecumenical_pavilion, uniq_sigmund

Skill      XL: |  1  2  3  4 |
---------------+-------------+-----
Polearms       | 5 6 |  6.1
Fighting       | 3 |  3.5
Throwing       | |  2.0
Dodging        | |  4.2

Action                     |  1- 3 |  4- 6 || total
---------------------------+-------+-------++-------
  Melee: Trident           |   125 |    58 ||   183
         Punch             |     2 |     1 ||     3
  Throw: Throwing net      |       |     3 ||     3
    Use: Scroll            |     4 |       ||     4
   Stab: Sleeping          |     5 |       ||     5
 Armour: Leather armour    |    64 |    36 ||   100
  Dodge: Dodged            |    76 |    55 ||   131

Table legend: (Time is in decaauts)
 A = Elapsed time spent in this place.
 B = Non-inter-level travel time spent in this place.
 C = Inter-level travel time spent in this place.
 D = Time resting spent in this place.
 E = Time spent auto-exploring this place.
 F = Levels seen in this place.
 G = Mean time per level.
                   A        B        C        D        E       F      G
               +--------+--------+--------+--------+--------+-----+--------+
         Total |   2019 |   1932 |     87 |    121 |   1457 |   3 |  673.0 |
       Dungeon |   2019 |   1932 |     87 |    121 |   1457 |   3 |  673.0 |
               +--------+--------+--------+--------+--------+-----+--------+

Top non-repeatable levels by time:
     D:2: 1114 daAuts
     D:1: 864 daAuts
     D:3: 39 daAuts
